 Dungeon Crawl Stone Soup version 0.20.1-1-g8b1a95d (webtiles) character file.

170 gobwax the Poker (level 5, -3/41 HPs)
             Began as a Demonspawn Gladiator on July 18, 2017.
             Was an Initiate of Okawaru.
             Killed from afar by a white imp (4 damage)
             ... with a puff of frost
             ... summoned by Natasha
             ... on level 3 of the Dungeon.
             The game lasted 00:05:50 (2723 turns).

gobwax the Poker (Demonspawn Gladiator)             Turns: 2723, Time: 00:05:51

Health: -3/41      AC:  4    Str: 16    XL:     5   Next: 26%
Magic:  5/5        EV: 18    Int: 11    God:    Okawaru [......]
Gold:   59         SH:  0    Dex: 16    Spells: 4/4 levels left

rFire    . . .     SeeInvis .   a - +0 trident
rCold    + . .     Gourm    .   (no shield)
rNeg     . . .     Faith    .   b - +0 leather armour
rPois    .         Spirit   .   c - +0 helmet
rElec    .         Reflect  .   (no cloak)
rCorr    .         Harm     .   (no gloves)
MR       .....                  (no boots)
Stlth    ++........             (no amulet)
Regen    0.2/turn               k - -3 ring of dexterity (curse)
MPRegen  0.1/turn               i - +2 ring of intelligence

@: agile, slowed, very slow
A: cold resistance 1, powered by pain 2, robust 1, spiny 1
a: Renounce Religion


You were on level 3 of the Dungeon.
You worshipped Okawaru.
Okawaru was noncommittal.
You were near starving.

You visited 1 branch of the dungeon, and saw 3 of its levels.

You collected 59 gold pieces.

Inventory:

Hand Weapons
 a - a +0 trident (weapon)
Missiles
 d - 3 throwing nets (quivered)
Armour
 b - a +0 leather armour (worn)
 c - a +0 helmet (worn)
Jewellery
 i - a +2 ring of intelligence (right hand)
 k - a cursed -3 ring of dexterity (left hand)
Wands
 m - a wand of confusion (22/48)
Scrolls
 e - a scroll of teleportation {unknown}
 g - a scroll of remove curse {unknown}
 j - a scroll of identify {unknown}
 l - a scroll of noise {unknown}
Comestibles
 f - 2 bread rations
 n - a royal jelly


   Skills:
 - Level 2.0 Fighting
 * Level 5.5 Polearms
 - Level 1.7 Throwing
 - Level 2.6 Dodging


You had 4 spell levels left.
You didn't know any spells.

Dungeon Overview and Level Annotations

Branches:
Dungeon (3/15)

Altars:
Okawaru
Xom
The Shining One

Annotations:
D:3 Natasha; Rhok's ghost, amateur MiFi


Innate Abilities, Weirdness & Mutations

You sometimes gain power by taking damage.
You are partially covered in sharp spines.
Your flesh is cold resistant. (rC+)
You are robust. (+10% HP)


Message History

Natasha is severely wounded.
Natasha stares at you and mumbles some strange words.
The magic dart hits you!
* * * LOW HITPOINT WARNING * * *
The white imp closely misses you. Natasha is struck by your spines.
Natasha claws you!
* * * LOW HITPOINT WARNING * * *
You focus on the pain.
You feel agile all of a sudden.
You aren't carrying any potions.
You hit Natasha.
Natasha is almost dead.
The white imp shouts, "Face thy requiem, thou hateful weeb-spouting varlet!"
The white imp gestures at you. The puff of frost hits you! You resist.
* * * LOW HITPOINT WARNING * * *
Natasha completely misses you. The white imp gestures at you.
The puff of frost hits you! You resist.
You die...

##########
#........#
#....>...#####
#....<@h......
.......)5..###..
..#........#
...........#
########.#...
..#.........?..%.#
###..............#
#..............#
#..........##...


You could see Natasha and a white imp.

Vanquished Creatures
  Ijyb (D:3)
  A gnoll (D:3)
  6 adders
  A worm (D:2)
  2 dart slugs (D:1)
  A leopard gecko (D:1)
  4 orcs (D:3)
  3 ball pythons
  4 giant cockroaches
  7 goblins
  6 hobgoblins
  11 jackals
  4 kobolds
  2 quokkas
  7 bats
  3 frilled lizards (D:1)
  6 rats
69 creatures vanquished.

Notes
Turn   | Place    | Note
-------+----------+-------------------------------------------
     0 | D:1      | gobwax the Demonspawn Gladiator began the quest for the Orb.
     0 | D:1      | Reached XP level 1. HP: 16/16 MP: 1/1
   106 | D:1      | Reached skill level 3 in Polearms
   128 | D:1      | Gained mutation: You sometimes gain a little power by taking damage. [demonic ancestry]
   128 | D:1      | Reached XP level 2. HP: 6/22 MP: 2/2
   658 | D:1      | Reached XP level 3. HP: 27/27 MP: 3/3
   989 | D:1      | Reached skill level 4 in Polearms
  1392 | D:2      | Found a glowing golden altar of the Shining One.
  1405 | D:2      | Gained mutation: You possess an exceptional clarity of mind. [potion of mutation]
  1405 | D:2      | Lost mutation: You possess an exceptional clarity of mind. [potion of mutation]
  1405 | D:2      | Gained mutation: You are robust. (+10% HP) [potion of mutation]
  1405 | D:2      | Gained mutation: Your flesh is cold resistant. (rC+) [potion of mutation]
  1406 | D:2      | Gained mutation: You are partially covered in sharp spines. [demonic ancestry]
  1406 | D:2      | Reached XP level 4. HP: 7/36 MP: 4/4
  1940 | D:2      | Reached skill level 5 in Polearms
  1966 | D:2      | Found a shimmering altar of Xom.
  1995 | D:3      | Noticed Ijyb
  1997 | D:3      | Found an iron altar of Okawaru.
  2009 | D:3      | Killed Ijyb
  2009 | D:3      | Gained mutation: You sometimes gain power by taking damage. [demonic ancestry]
  2009 | D:3      | Reached XP level 5. HP: 37/41 MP: 5/5
  2044 | D:3      | Became a worshipper of Warmaster Okawaru
  2177 | D:3      | Noticed Rhok's ghost (amateur MiFi)
  2714 | D:3      | Noticed Natasha
  2723 | D:3      | HP: 1/41 [white imp/puff of frost[Natasha] (4)]
  2723 | D:3      | Killed from afar by a white imp

Skill      XL: |  1  2  3  4 |
---------------+-------------+-----
Polearms       | 3 4 5 |  5.5
Fighting       | |  2.0
Throwing       | |  1.7
Dodging        | |  2.6

Action                   |  1- 3 |  4- 6 || total
-------------------------+-------+-------++-------
Melee: Trident           |   148 |    75 ||   223
  Use: Potion            |     2 |     3 ||     5
 Stab: Sleeping          |     3 |     1 ||     4
  Eat: Chunk             |     2 |     2 ||     4
Armor: Leather armour    |    42 |     5 ||    47
Dodge: Dodged            |   116 |    37 ||   153
